Map: Artillería pesada EE

Players

Waterdog

  • Race: Protoss Protoss
  • Spawn Location: 7:00

Zepo

  • Race: Terran Terran
  • League: Silver
  • Spawn Location: 7:00

MrFercho

  • Race: Zerg Zerg
  • League: Silver
  • Spawn Location: 1:00

tigro

  • Race: Terran Terran
  • League: Bronze
  • Spawn Location: 3:00

VOD

Have the link to the VOD?

Description

Time

  • Played on: June 4, 2020, 9:54 p.m.
  • Length: 13:42
Show
View Real Time Build Order
Export as new Build Order

Waterdog Protoss 

Build Orders:  

Get SALT Encoding   

  12  0:00  Probe  
  13  0:13  Probe  
  14  0:20  Pylon  
  14  0:36  Probe  
  14  0:41  Gateway  
  15  0:51  Forge  
  15  0:54  Assimilator  
  15  1:02  Probe  
  16  1:05  Pylon  
  16  1:20  Probe  
  17  1:31  Cybernetics Core  
  17  1:35  Probe  
  17  1:39  Pylon  
  18  1:48  Probe  
  19  2:03  Nexus  
  19  2:07  Probe  
  20  2:09  Warp Gate (Chrono Boost)  
  20  2:19  Adept  
  22  2:29  Probe  
  23  2:30  Pylon  
  23  2:38  Assimilator  
  23  2:43  Robotics Facility  
  23  2:52  Stalker  
  23  2:57  Probe  
  26  3:05  Photon Cannon  
  26  3:12  Probe  
  27  3:16  Probe  
  28  3:24  Probe  
  29  3:28  Probe  
  29  3:33  Gateway  
  30  3:44  Sentry  
  30  3:47  Observer (Chrono Boost)  
  33  3:48  Probe  
  33  3:49  Probe  
  35  4:02  Probe x2  
  37  4:12  Zealot  
  39  4:18  Immortal  
  43  4:30  Probe x2  
  45  4:34  Assimilator  
  45  4:38  Assimilator  
  45  4:42  Photon Cannon  
  45  4:44  Probe x2  
  47  4:52  Gateway  
  47  5:26  Probe x2  
  49  5:38  Stalker x2  
  49  5:41  Immortal  
  57  5:48  Pylon  
  57  5:50  Protoss Ground Weapons Level 1 (Chrono Boost)  
  57  5:57  Pylon  
  57  6:00  Forge  
  57  6:04  Twilight Council  
  57  6:07  Probe x2  
  57  6:09  Pylon  
  59  6:32  Immortal, Nexus  
  63  6:33  Probe, Pylon  
  63  6:36  Probe  
  65  6:45  Probe  
  66  6:51  Protoss Ground Armor Level 1 (Chrono Boost)  
  66  6:52  Probe  
  67  6:58  Probe  
  68  7:04  Robotics Bay  
  68  7:11  Gateway  
  68  7:15  Photon Cannon  
  68  7:16  Pylon, Gateway  
  68  7:17  Stalker x2  
  68  7:21  Sentry  
  74  7:44  Observer  
  74  7:49  Probe  
  76  7:52  Probe x2  
  76  7:57  Assimilator  
  78  8:01  Probe, Assimilator  
  79  8:13  Probe  
  79  8:15  Extended Thermal Lance  
  79  8:17  Probe x2  
  82  8:21  Colossus  
  82  8:25  Probe  
  89  8:36  Robotics Facility  
  89  8:40  Pylon  
  89  8:43  Stalker, Protoss Ground Armor Level 2 (Chrono Boost)  
  89  8:44  Stalker  
  89  8:45  Stalker, Zealot x2  
  99  8:51  Probe x3  
  102  8:56  Gateway  
  102  8:59  Pylon  
  102  9:01  Gateway  
  102  9:03  Probe, Charge (Chrono Boost)  
  102  9:05  Protoss Ground Weapons Level 2 (Chrono Boost)  
  103  9:11  Stalker  
  103  9:12  Stalker x2  
  103  9:13  Zealot x2  
  113  9:17  Colossus  
  119  9:52  Gateway  
  119  9:56  Stalker x3  
  119  9:57  Stalker  
  119  9:58  Stalker  
  129  10:02  Gravitic Boosters  
  129  10:06  Pylon  
  129  10:09  Pylon  
  129  10:20  Colossus (Chrono Boost)  
  129  10:21  Pylon x2  
  129  10:25  Zealot x3  
  129  10:27  Colossus (Chrono Boost), Blink  
  147  10:40  Stalker, Zealot  
  147  10:41  Zealot  
  153  10:43  Stalker  
  153  10:46  Gateway  
  153  10:48  Gateway  
  155  10:52  Pylon  
  155  11:05  Stalker  
  155  11:06  Stalker x4  
  155  11:09  Pylon  
  165  11:12  Pylon  
  161  11:44  Warp Prism  
  161  11:45  Warp Prism  
  165  11:47  Stalker, Zealot  
  165  11:49  Zealot x5  
  165  11:50  Zealot x2  
  165  11:51  Zealot  
  183  13:14  Stalker x2  
  183  13:15  Stalker  
  188  13:22  Pylon  
  188  13:23  Pylon  
  188  13:25  Pylon  
Show
View Real Time Build Order
Export as new Build Order

Zepo Terran 

Build Orders: Reaper Expand 

Get SALT Encoding   

  12  0:00  SCV  
  13  0:12  SCV  
  14  0:17  Supply Depot  
  14  0:25  SCV  
  15  0:39  SCV  
  15  0:40  Barracks  
  16  0:47  Refinery  
  16  0:51  SCV  
  17  1:03  SCV  
  18  1:15  SCV  
  19  1:28  Orbital Command  
  19  1:31  Reaper  
  20  1:39  Command Center  
  20  1:55  SCV  
  20  1:57  Supply Depot  
  21  2:03  Marine  
  22  2:15  SCV  
  23  2:24  Factory  
  23  2:26  Refinery  
  23  2:43  Barracks Reactor  
  23  2:52  Orbital Command  
  23  3:04  SCV, Barracks  
  24  3:06  Barracks  
  24  3:17  SCV  
  24  3:18  Factory Tech Lab  
  25  3:20  SCV  
  25  3:22  Bunker  
  25  3:23  Marine x2  
  28  3:31  SCV  
  29  3:36  Command Center  
  29  3:38  Siege Tank  
  32  3:42  SCV  
  32  3:43  SCV  
  32  3:45  Marine  
  34  3:58  Bunker  
  34  4:00  SCV  
  34  4:01  SCV  
  36  4:10  Barracks Tech Lab  
  36  4:16  Barracks Tech Lab  
  36  4:17  SCV x2  
  36  4:18  Siege Tank  
  41  4:25  Supply Depot x2  
  41  4:28  Supply Depot  
  41  4:29  SCV  
  42  4:33  SCV, Refinery  
  42  4:35  Refinery  
  43  4:39  Starport  
  43  4:41  Concussive Shells  
  43  4:43  Combat Shield  
  43  4:44  Marine x2  
  45  4:49  Marine  
  45  4:50  Marine  
  47  4:55  SCV x2  
  47  4:57  Orbital Command  
  49  5:07  SCV x2  
  51  5:19  SCV  
  51  5:20  Marine x2  
  51  5:21  Marauder  
  56  5:22  Liberator  
  60  5:28  SCV x2  
  60  5:29  Starport  
  60  5:32  Refinery  
  61  5:37  SCV  
  61  5:40  SCV  
  61  5:42  Marauder, Marine x2  
  67  5:44  Siege Tank  
  70  5:53  SCV x3  
  73  5:57  Engineering Bay  
  73  5:59  Engineering Bay  
  73  6:01  Supply Depot  
  73  6:05  SCV x2  
  73  6:06  SCV  
  73  6:07  Refinery, Marauder  
  73  6:10  Stimpack  
  78  6:17  SCV x2, Marauder, Marine  
  83  6:22  SCV  
  84  6:27  Marine  
  84  6:28  Marauder  
  84  6:29  SCV  
  84  6:30  Siege Tank  
  84  6:32  Starport Reactor, Starport Tech Lab  
  91  6:35  Terran Infantry Weapons Level 1  
  91  6:36  Terran Infantry Armor Level 1  
  91  6:40  Marauder  
  91  6:45  Marine x2  
  95  6:56  SCV x3  
  95  6:57  Marauder  
  95  7:01  Marine  
  100  7:02  Supply Depot x2  
  100  7:03  Marine  
  100  7:04  Supply Depot  
  100  7:07  Raven  
  100  7:08  Marine  
  105  7:09  Supply Depot  
  105  7:13  Medivac  
  107  7:19  Marauder  
  107  7:21  Marine, Liberator  
  113  7:31  Marine x2  
  115  7:40  Marauder, Marine  
  115  7:47  Medivac  
  115  7:49  Marine  
  118  7:51  Starport  
  118  7:52  Siege Tank  
  118  7:53  Starport, Marine  
  118  7:54  Barracks  
  118  7:56  Barracks  
  118  7:58  Marauder  
  124  8:13  SCV  
  124  8:14  SCV  
  126  8:26  Marine x3  
  126  8:27  Marauder  
  131  8:35  SCV  
  131  8:39  Armory x2  
  129  8:44  Marine  
  129  8:45  Marauder  
  129  8:46  Command Center  
  130  8:59  Marauder, Marine  
  130  9:01  Barracks Reactor  
  128  9:04  Siege Tank  
  128  9:06  Medivac  
  128  9:07  Barracks Reactor, Liberator  
  128  9:08  Banshee  
  139  9:10  Starport Tech Lab x2  
  139  9:17  Hyperflight Rotors  
  139  9:20  Marine  
  139  9:21  Marauder, Marine  
  143  9:26  Terran Infantry Armor Level 2, Terran Infantry Weapons Level 2  
  143  9:29  Terran Ship Weapons Level 1, Terran Vehicle And Ship Armor Level 1  
  143  9:36  Siege Tank  
  146  9:42  Supply Depot  
  146  9:43  Supply Depot  
  146  9:45  Supply Depot  
  146  9:46  Supply Depot  
  146  9:48  Marauder, Marine x3  
  146  9:49  Marine x4  
  146  9:50  Supply Depot  
  155  10:01  Command Center  
  155  10:06  Marine  
  153  10:13  Marine x2  
  153  10:14  Marauder, Marine x4  
  157  10:16  Siege Tank  
  157  10:18  Banshee x2  
  157  10:19  Banshee  
  157  10:21  Medivac x2  
  177  10:23  SCV, Marine  
  177  10:27  Planetary Fortress  
  179  10:31  Marine x3  
  182  10:38  Marine x3  
  182  10:39  Marauder  
  187  10:49  Marine  
  184  10:50  Marine x2  
  189  10:57  Marauder  
  189  10:59  Marine x2  
  189  11:00  Marauder, Siege Tank  
  189  11:02  Liberator  
  188  11:38  Viking x2  
  188  11:39  Viking x2  
  133  12:08  Liberator x3  
  133  12:09  Marine  
  133  12:10  Marauder x2, Marine x4  
  133  12:11  Siege Tank  
  133  12:12  Marine  
  153  12:18  Refinery  
  153  12:19  Refinery  
  153  12:20  Refinery  
  147  12:25  Planetary Fortress  
  147  12:27  Marine x2  
  147  12:28  Marine x3  
  144  12:30  Marine  
  144  12:31  Marauder x2, Refinery  
  144  12:37  Medivac  
  150  12:43  Siege Tank  
  150  12:45  Marine x2  
  150  12:46  Marine x2  
  154  13:09  Marauder, Marine x4  
  154  13:10  Marauder, Marine x2  
Show
View Real Time Build Order
Export as new Build Order

MrFercho Zerg 

Build Orders: Pool First 

Get SALT Encoding   

  12  0:01  Drone  
  13  0:12  Drone  
  14  0:42  Extractor  
  14  0:43  Drone  
  14  0:44  Drone, Extractor  
  14  0:45  Overlord  
  16  0:55  Spawning Pool  
  15  1:08  Drone x2  
  17  1:11  Extractor  
  16  1:21  Drone  
  17  1:28  Hatchery, Drone  
  17  1:37  Drone  
  18  1:52  Drone  
  18  1:53  Roach Warren  
  18  1:58  Drone  
  19  2:05  Queen  
  21  2:10  Drone  
  22  2:16  Extractor  
  22  2:20  Drone  
  22  2:26  Evolution Chamber  
  21  2:35  Spine Crawler  
  20  2:50  Drone x2  
  20  2:51  Drone  
  23  2:58  Drone  
  24  3:09  Roach  
  24  3:10  Roach  
  24  3:11  Overlord  
  28  3:20  Metabolic Boost  
  28  3:24  Lair  
  28  3:31  Drone x4  
  32  3:40  Drone x3  
  35  3:58  Burrow  
  35  4:03  Extractor  
  35  4:05  Drone  
  35  4:06  Drone  
  36  4:12  Overlord x2  
  36  4:13  Overlord  
  36  4:16  Zerg Ground Armor Level 1  
  36  4:32  Drone  
  36  4:33  Drone x2  
  39  4:48  Drone x2  
  41  4:55  Drone x2  
  43  5:06  Infestation Pit  
  42  5:11  Nydus Network  
  41  5:16  Queen  
  41  5:18  Drone x3  
  46  5:29  Extractor  
  45  5:43  Hive  
  45  5:45  Neural Parasite  
  45  5:52  Roach x6  
  57  6:06  Drone  
  57  6:10  Drone x2  
  60  6:21  Overlord  
  60  6:24  Overlord x2  
  60  6:45  Drone x3  
  63  6:49  Drone  
  64  7:00  Pneumatized Carapace  
  64  7:10  Glial Reconstitution  
  64  7:19  Zergling x2  
  64  7:20  Zergling x10  
  63  7:57  Spore Crawler  
  63  7:58  Spore Crawler  
  61  8:05  Spore Crawler  
  61  8:08  Spore Crawler  
  61  8:10  Spore Crawler  
  58  8:15  Drone x2  
  58  8:16  Drone x3  
  58  8:17  Drone  
  64  8:20  Overseer  
  64  9:00  Hydralisk Den  
  64  9:02  Zerg Missile Weapons Level 1  
  62  9:08  Roach  
  62  9:09  Roach x9  
  82  9:30  Overlord x4  
  82  9:35  Tunneling Claws  
  82  9:44  Baneling Nest  
  81  10:17  Hatchery  
  80  10:22  Hatchery x2  
  78  10:30  Overseer  
  78  10:55  Nydus Canal  
  78  11:24  Overseer  
  47  11:44  Roach x6  
  55  11:56  Roach x3  
  55  11:57  Roach x4  
  69  12:01  Infestor  
  69  12:02  Infestor x2  
  63  12:21  Infestor  
  63  12:23  Ravager x2  
  51  12:30  Hydralisk x3  
  51  12:31  Hydralisk x20  
  12  13:02  Infestor  
Show
View Real Time Build Order
Export as new Build Order

tigro Terran 

Build Orders:  

Get SALT Encoding   

  12  0:04  SCV  
  13  0:16  SCV  
  14  0:22  Supply Depot  
  14  0:28  SCV  
  15  0:37  Refinery  
  15  0:43  SCV  
  16  0:56  SCV  
  17  0:57  Barracks  
  17  1:08  SCV  
  17  1:10  Refinery  
  18  1:20  SCV  
  19  1:31  Supply Depot  
  19  1:32  SCV  
  20  1:44  SCV  
  20  1:46  Marine  
  22  1:56  SCV  
  23  2:02  Barracks  
  23  2:03  Marine  
  24  2:09  SCV  
  25  2:16  Engineering Bay  
  25  2:21  Marine  
  26  2:39  Marine  
  27  2:51  Factory  
  27  2:57  Marine  
  28  3:01  Barracks Tech Lab  
  28  3:16  Barracks Tech Lab  
  28  3:22  Command Center  
  28  3:29  Combat Shield  
  28  3:33  SCV  
  29  3:37  Stimpack  
  29  3:42  Factory Tech Lab  
  28  4:03  Orbital Command  
  28  4:07  Terran Infantry Weapons Level 1  
  28  4:38  Siege Tank  
  31  4:47  Concussive Shells  
  31  4:51  Marine  
  32  4:54  Marine  
  32  4:57  Refinery  
  33  5:02  SCV  
  34  5:09  Marine  
  34  5:10  Widow Mine  
  34  5:12  Marine  
  38  5:15  SCV  
  38  5:20  Starport  
  39  5:25  Refinery  
  39  5:26  Marine  
  40  5:31  Widow Mine  
  42  5:44  Marine  
  43  5:53  SCV, Widow Mine  
  46  6:00  Medivac  
  46  6:01  Terran Infantry Armor Level 1  
  46  6:02  Marine  
  49  6:57  Fusion Core  
  49  7:07  Starport Tech Lab  
  49  7:17  SCV  
  50  7:29  SCV  
  50  7:41  SCV  
  51  7:46  Armory, Weapon Refit  
  51  7:49  Battlecruiser  
  57  7:53  SCV  
  57  7:55  Neosteel Armor  
  58  8:02  Missile Turret  
  58  8:06  SCV  
  59  8:23  Missile Turret  
  59  8:37  SCV  
  49  8:48  Missile Turret  
  49  8:49  SCV  
  46  9:13  SCV  
  47  9:25  SCV, Missile Turret  
  47  9:27  Rapid Reignition System  
  48  9:35  Hi-Sec Auto Tracking  
  48  9:37  SCV  
  49  9:49  SCV, Planetary Fortress  
  50  9:53  Battlecruiser  
  50  9:58  Missile Turret  
  56  10:01  SCV  
  57  10:13  SCV  
  58  10:19  Missile Turret  
  58  10:23  Advanced Ballistics  
  58  10:25  SCV  
  59  10:32  Marine x2, Terran Infantry Weapons Level 2  
  61  10:50  Supply Depot, Marine  
  62  11:11  Marine x2  
  62  11:12  Battlecruiser  
  62  11:16  Supply Depot  
  70  11:36  Marine x2  
  70  11:37  Thor  
  47  11:54  Marine x2  
  37  12:12  Marine x2  
  37  12:16  Medivac  
  39  12:30  Marine x2  
  25  12:47  Marine  
  25  12:48  Marine  
  20  13:05  Marine  
Tags
 
Add a new tag
Caveats
  • Supply blocks, unpowered buildings, or Contaminate may cause inaccurate times.
  • Supply counts are checked every 10 seconds.